Map: The Vermillion Problem

Players

raincamp

  • Race: Terran Terran
  • Spawn Location: 11:00

raincamp

  • Race: Terran Terran
  • Spawn Location: 11:00

VOD

Have the link to the VOD?

Description

Time

  • Played on: Aug. 23, 2017, 8:10 p.m.
  • Length: 23:59
Show
View Real Time Build Order
Export as new Build Order

raincamp Terran 

Build Orders:  

Get SALT Encoding   

  12  0:08  SCV  
  13  0:25  SCV  
  14  0:31  Refinery  
  14  0:42  SCV  
  14  0:47  Refinery  
  15  0:59  SCV  
  16  1:08  Barracks  
  16  1:15  SCV  
  17  1:32  SCV  
  18  1:43  Engineering Bay  
  18  1:49  SCV  
  19  2:06  SCV  
  20  2:16  Factory  
  20  2:36  SCV  
  21  2:53  Command Center, SCV  
  22  3:10  SCV  
  22  3:17  Starport  
  23  3:27  SCV  
  24  3:31  Barracks Tech Lab  
  24  3:32  Armory  
  24  3:35  Factory Tech Lab  
  24  3:44  SCV  
  25  3:56  Super Stimpack  
  25  4:01  Spider Mines, SCV  
  26  4:19  SCV  
  27  4:36  SCV  
  28  5:03  Elite Marine  
  32  5:27  SCV  
  33  5:44  SCV  
  34  6:08  Starport Tech Lab  
  34  6:09  SCV  
  35  6:20  Refinery, SCV  
  35  6:24  Refinery  
  35  6:26  SCV  
  36  6:37  SCV  
  35  6:43  SCV  
  36  6:54  Caduceus Reactor, SCV  
  36  6:58  Raid Artillery  
  37  7:20  Elite Marine  
  37  7:28  Smart Servos  
  41  7:34  SCV  
  41  7:36  SCV  
  41  7:39  Ghost Visor  
  43  7:51  SCV  
  43  7:53  SCV  
  45  8:00  Hellbat Rangers  
  49  8:10  SCV  
  50  8:24  Operational Efficiency  
  50  8:27  SCV  
  51  8:44  SCV  
  52  8:53  Terran Vehicle and Ship Weapons Level 1, Terran Infantry Weapons Level 1  
  52  9:37  Infernal Projectiles  
  52  9:38  Covert Triage  
  52  9:41  Laser Targeting System  
  52  10:11  EMP Round  
  52  10:23  Enhanced Manufacturing  
  52  10:31  Tactical Airlift  
  52  10:41  Triple Tap  
  52  10:44  Instant Regeneration  
  52  10:46  Defensive Drone  
  52  10:48  Hellbat Rangers  
  56  10:51  Raid Liberator  
  62  11:15  Strike Goliath  
  62  11:19  Lockdown Missiles  
  68  11:32  Defensive Drone  
  68  12:04  SCV  
  69  12:21  SCV  
  70  12:31  Elite Marine  
  70  12:32  Hellbat Rangers  
  70  12:36  Tactical Airlift  
  78  12:57  Defensive Drone  
  78  13:15  Instant Regeneration  
  78  13:21  Terran Vehicle and Ship Weapons Level 2, Terran Infantry Weapons Level 2  
  78  13:32  Raid Liberator  
  84  14:13  Defensive Drone  
  84  14:24  Griffin Airstrike  
  83  14:43  Defensive Drone  
  81  14:57  Griffin Airstrike  
  81  15:37  SCV  
  82  15:54  SCV  
  83  16:11  SCV  
  83  16:13  Griffin Airstrike  
  83  16:16  Defensive Drone  
  84  16:28  SCV  
  78  16:54  Defensive Drone  
  78  17:01  Raid Liberator  
  78  17:07  Raven Type-II  
  86  17:25  Griffin Airstrike  
  86  18:05  SCV  
  87  18:18  Defensive Drone  
  87  18:22  SCV  
  88  18:39  SCV  
  89  18:52  Defensive Drone  
  89  18:56  SCV  
  89  18:57  Defensive Drone  
  88  19:16  SCV  
  89  19:25  Heavy Siege Tank  
  95  19:33  SCV  
  96  19:50  SCV  
  97  20:00  Defensive Drone  
  97  21:02  Defensive Drone  
  97  21:03  Griffin Airstrike  
  97  21:16  Defensive Drone  
Show
View Real Time Build Order
Export as new Build Order

raincamp Terran 

Build Orders:  

Get SALT Encoding   

  12  0:29  Supply Depot  
  12  0:41  Supply Depot  
Tags
 
Add a new tag
Caveats
  • Supply blocks, unpowered buildings, or Contaminate may cause inaccurate times.
  • Supply counts are checked every 10 seconds.